Cogmind - Beta 11.1 @@@ ROGUE MODE // 2022.05.13 @ 21:42:02 Player: Decinym Result: Destroyed by G-67 Veteran with Plasma Rifle Performance ------------- Evolutions (4) 2000 Regions Visited (16) 3200 Robots Destroyed (210) 1050 Value Destroyed (7251) 7251 Prototype IDs (24) 480 Alien Tech Used (0) 0 Bonus (465) 465 TOTAL SCORE: 14446 Bonus ------- High Alert Combat Kills 282 Follower Combat Kills 681 Met Data Miner 300 Friendly Fire -798 Cogmind --------- Core Integrity 0/850 Matter 195/300 Energy 407/425 System Corruption 7% Temperature Cool (27) Movement Treading (160) Location -6/Factory Parts ------- > --- POWER (2) -------- Cold Fusion Reactor Antimatter Reactor > --- PROPULSION (4) --- Improved Heavy Treads > --- UTILITY (7) ------ Improved Cooling System Hacking Suite > --- WEAPON (2) ------- Cooled Plasma Cannon > --- INVENTORY (5) ---- Experimental Sensor Array Advanced Signal Interpreter Graphene Brace Improved EM Pulse Cannon Peak State ------------ > --- POWER ------------ Antimatter Reactor Antimatter Reactor > --- PROPULSION ------- Heavy Treads Improved Heavy Treads > --- UTILITY ---------- Improved Cooling System Damper Plating Graphene Brace Improved Shield Generator > --- WEAPON ----------- Heavy Beamcaster Micro-nuke Launcher > --- INVENTORY -------- Antimatter Reactor Experimental Sensor Array Improved Medium Armor Plating Improved Lightning Gun Cooled Plasma Cannon [Rating: 95] Favorites ----------- Power Cooled Ion Engine Engine Cooled Ion Engine Power Core Neutrino Core Reactor Antimatter Reactor Propulsion Armored Treads Treads Armored Treads Leg Aluminum Leg Wheel Wheel Hover Unit Improved Hover Unit Utility High-capacity Storage Unit Device Improved Heat Sink Storage High-capacity Storage Unit Processor Advanced Targeting Computer Hackware Hacking Suite Protection Medium Armor Plating Weapon Cooled Plasma Cannon Energy Gun Small Laser Energy Cannon Cooled Plasma Cannon Ballistic Gun Light Assault Rifle Ballistic Cannon Compact Mass Driver Launcher Missile Launcher Special Weapon Plasma Cutter Impact Weapon Heavy Flail Slashing Weapon Blade Saw Build | -11 -10 -10 -9 -9 -9 -8 -8 -8 -7 -7 -7 -7 -6 -6 -6 -6 ------- Run | Scr Mat Min Mat Min Exi Min Mat Sto Fac Low Low Dat Pro Fac Was Fac Slots Evolved 8 | . . . 2 . . . 2 . 2 . . . . 2 . . Power 1 | . . . . . . . . . . . . . . 1 . . Propulsion 2 | . . . . . . . 1 . 1 . . . . . . . Utility 5 | . . . 2 . . . 1 . 1 . . . . 1 . . Weapon . | . . . . . . . . . . . . . . . . . Parts Attached 195 | . 11 8 17 8 . 5 18 32 5 6 6 2 20 20 21 16 Power 15 | . 2 . 2 . . . . 1 . . . . 1 3 2 4 Engine 6 | . 2 . 2 . . . . 1 . . . . 1 . . . Core 4 | . . . . . . . . . . . . . . 3 . 1 Reactor 5 | . . . . . . . . . . . . . . . 2 3 Propulsion 41 | . 3 2 7 2 . . 6 7 1 . 1 . 4 5 3 . Treads 31 | . . . 5 2 . . 6 7 1 . 1 . 4 2 3 . Leg 8 | . 3 2 2 . . . . . . . . . . 1 . . Wheel 1 | . . . . . . . . . . . . . . 1 . . Hover 1 | . . . . . . . . . . . . . . 1 . . Flight . | . . . . . . . . . . . . . . . . . Utility 66 | . 2 3 5 1 . 2 5 8 4 4 3 . 5 8 10 6 Device 24 | . 1 3 . . . . 1 1 2 2 1 . 2 1 6 4 Storage 2 | . 1 . . . . . . . . . . . . 1 . . Processor 6 | . . . 1 1 . . 1 1 . . . . . 2 . . Hackware 2 | . . . . . . . . 1 . . . . . . . 1 Protection 32 | . . . 4 . . 2 3 5 2 2 2 . 3 4 4 1 Artifact . | . . . . . . . . . . . . . . . . . Weapon 73 | . 4 3 3 5 . 3 7 16 . 2 2 2 10 4 6 6 Energy Gun 18 | . 2 . 1 . . 1 3 8 . . . . . . 3 . Energy Cannon 19 | . . . . . . . . 3 . 1 1 2 4 3 2 3 Ballistic Gun 14 | . 1 2 2 3 . 1 2 1 . 1 . . 1 . . . Ballistic Cannon 1 | . . . . . . . . . . . . . . . 1 . Launcher 17 | . 1 1 . 2 . 1 2 1 . . 1 . 4 1 . 3 Special Weapon 1 | . . . . . . . . . . . . . 1 . . . Impact Weapon 2 | . . . . . . . . 2 . . . . . . . . Slashing Weapon 1 | . . . . . . . . 1 . . . . . . . . Piercing Weapon . | . . . . . . . . . . . . . . . . . Special Melee Weapon . | . . . . . . . . . . . . . . . . . Unidentified Prototypes 13 | . . 1 1 . . . 2 5 . . . . . 1 1 2 Parts Lost 50 | . 1 2 1 . . 3 1 3 2 . 1 . 10 18 1 7 Power 6 | . 1 . . . . . . . . . . . 1 4 . . Propulsion 12 | . . . . . . . 1 1 . . . . 2 7 . 1 Utility 20 | . . . . . . 3 . 2 2 . 1 . 5 3 1 3 Weapon 12 | . . 2 1 . . . . . . . . . 2 4 . 3 Highest Loss Streak 12 | . 1 1 1 . . 2 1 3 1 . 1 . 9 12 1 5 To Critical Strikes 1 | . . 1 . . . . . . . . . . . . . . Average Slot Usage (%) 90 | . 97 93 99 100 100 99 99 99 98 92 96 86 86 78 54 65 Engine 8 | . 13 14 11 11 11 11 9 9 7 7 7 7 7 3 . . Reactor 1 | . . . . . . . . . . . . . . . 7 13 Treads 19 | . . . 13 22 22 22 27 26 30 30 30 30 28 18 11 12 Leg 4 | . 28 28 8 . . . . . . . . . . . . . Device 9 | . 12 14 7 . . . 2 9 8 13 13 15 14 11 12 15 Storage 8 | . 14 14 11 11 11 11 9 9 7 7 7 7 7 6 . . Processor 6 | . . . 11 11 11 11 17 10 7 7 7 7 . 6 . . Hackware 1 | . . . . . . . . 7 5 . . . . . . 2 Protection 11 | . . . 14 22 22 21 15 9 13 8 12 15 11 10 11 6 Energy Gun 4 | . 8 16 5 . . . 8 11 . . . . . . 3 5 Energy Cannon 4 | . . . . . . . . 5 15 13 14 2 8 5 5 5 Ballistic Gun 7 | . 18 5 16 21 22 21 9 . . 1 . . 4 5 . . Naked Turns 40 | . . . . . . . . . . . . . . 9 31 . Heaviest Build 100 | 14 50 50 66 66 66 66 63 68 86 95 95 79 79 92 98 100 Greatest Support 145 | 20 20 20 40 43 43 43 63 62 82 82 82 82 82 82 145 145 Greatest Overweight (x) 15 | . 2 2 2 1 1 1 1 1 1 1 1 . 1 15 1 . Average Overweight (x) . | . 1 2 1 1 1 1 . . . . . . . 1 . . Largest Inventory Capacity 30 | . 20 20 20 20 20 20 20 20 20 20 20 20 20 30 5 5 Average Capacity 17 | . 17 20 20 20 20 20 20 20 20 20 20 20 20 19 5 5 Most Carried 20 | . 16 20 20 20 20 20 20 20 20 20 20 20 20 17 5 5 Average Carried 16 | . 10 19 18 19 20 19 19 19 19 20 19 19 15 15 4 4 Final Capacity 20 | 8 20 20 20 20 20 20 20 20 20 20 20 20 20 5 5 5 Final Carried 20 | 6 16 19 20 20 20 20 20 20 20 20 20 20 16 5 5 4 Class Distribution -------------------- 67% | Mutant 29% | Scavenger-Mutant 3% | Commander-Mutant Dominant Class ---------------- Mutant | -10/Materials Mutant | -10/Mines Scavenger-Mutant | -9/Materials Mutant | -9/Mines Mutant | -9/Exiles Mutant | -8/Mines Mutant | -8/Materials Mutant | -8/Storage Mutant | -7/Factory Mutant | -7/Lower Caves Mutant | -7/Lower Caves Mutant | -7/Data Miner Mutant | -6/Proximity Caves Mutant | -6/Factory Scavenger-Mutant | -6/Waste Scavenger-Mutant | -6/Factory Resources | -11 -10 -10 -9 -9 -9 -8 -8 -8 -7 -7 -7 -7 -6 -6 -6 -6 ----------- Run | Scr Mat Min Mat Min Exi Min Mat Sto Fac Low Low Dat Pro Fac Was Fac Matter Collected 3724 | 197 262 163 524 200 . 195 298 455 46 88 101 . 437 265 253 240 Remotely . | . . . . . . . . . . . . . . . . . Salvage Created 8531 | . 408 302 639 425 . 321 622 1951 412 418 242 . 660 595 353 1183 Parts 417 | . 25 15 47 29 . 14 35 85 16 16 14 . 18 42 8 53 Haulers Intercepted 13 | . 1 . 3 . . . 1 6 1 . . . . . 1 . Recyclers Shooed 11 | . . . 3 1 . . . 1 . . . . . 3 . 3 Parts Field Recycled . | . . . . . . . . . . . . . . . . . Retrieved Matter . | . . . . . . . . . . . . . . . . . Parts Self-Destructed 49 | . . . . . . . . . . 16 11 . 22 . . . Prevented . | . . . . . . . . . . . . . . . . . Kills | -11 -10 -10 -9 -9 -9 -8 -8 -8 -7 -7 -7 -7 -6 -6 -6 -6 ------- Run | Scr Mat Min Mat Min Exi Min Mat Sto Fac Low Low Dat Pro Fac Was Fac Combat Hostiles Destroyed 158 | . 9 7 16 12 . 6 9 29 6 6 8 . 12 14 . 24 Guns 79 | . 7 5 16 7 . 4 7 21 . . . . 3 2 . 7 Cannons 33 | . . . . . . . . 1 5 4 4 . 2 8 . 9 AOE 38 | . 2 2 . 5 . 2 2 4 . . 3 . 7 4 . 7 Classes Destroyed 18 | . 5 1 1 1 . . 2 2 2 2 . . 1 1 . . Worker 10 | . . 1 1 2 . 1 1 2 1 . . . . 1 . . Builder 6 | . . . . . . . 1 1 2 . . . . 1 . 1 Tunneler 3 | . . . . 1 . 1 . . . . . . . . . 1 Hauler 13 | . 1 . 3 . . . 1 6 1 . . . . . 1 . Recycler 7 | . 1 1 . 1 . . 1 2 . . . . . . . 1 Mechanic 3 | . . . . . . . . 1 . . . . . 2 . . Operator 2 | . . . . . . . . . 1 . . . . . . 1 Watcher 5 | . 2 . . . . . 2 1 . . . . . . . . Swarmer 36 | . 3 3 8 6 . . . 4 1 . 3 . . 3 . 5 Grunt 70 | . 6 4 5 6 . 6 5 12 5 1 1 . 7 . . 12 Brawler 7 | . . . . . . . . 2 . 2 . . 2 . . 1 Duelist 1 | . . . . . . . . . . . . . 1 . . . Protector 1 | . . . . . . . . . . . . . . 1 . . Sentry 20 | . . . 3 . . . 2 10 . 1 . . 1 . . 3 Hunter 12 | . . . . . . . 2 1 . 1 . . . 7 . 1 Programmer 7 | . . . . . . . . . . 1 . . 1 3 . 2 Heavy 1 | . . . . . . . . . 1 . . . . . . . Behemoth 2 | . . . . . . . . . . 1 1 . . . . . Enhanced Grunt 1 | . . . . . . . . . . . . . 1 . . . Wasp 2 | . . . . . . . . . . . 2 . . . . . Thug 1 | . . . . . . . . . . . 1 . . . . . Best Kill Streak 8 | . 4 3 5 5 . 5 8 7 5 3 3 . 4 7 1 7 Combat Bots Only 7 | . 3 3 4 3 . 3 6 7 3 3 3 . 4 5 . 6 Max Kills in Single Turn 4 | . 2 1 1 3 . 2 1 2 4 1 2 . 2 4 1 3 Gunslinging 1 | . . . . . . . . 1 . . . . . . . . Exploded 3 | . 1 1 . 3 . 1 1 2 . . 2 . 2 3 . 3 Melee . | . . . . . . . . . . . . . . . . . Uniques/NPCs Destroyed . | . . . . . . . . . . . . . . . . . Combat | -11 -10 -10 -9 -9 -9 -8 -8 -8 -7 -7 -7 -7 -6 -6 -6 -6 -------- Run | Scr Mat Min Mat Min Exi Min Mat Sto Fac Low Low Dat Pro Fac Was Fac Damage Taken 12074 | . 451 223 850 247 . 594 681 1042 274 484 533 . 2045 2627 296 1727 Core 1636 | . 64 25 100 9 . 80 36 159 38 29 68 . 163 684 85 96 Absorbed by Shields 911 | . . . . . . . . . . . 35 . 177 263 . 436 Redirected to Shielding 84 | . . . 17 . . 34 . . . . . . . . 33 . Regen/Repaired (Parts) 125 | . . . . . . . . 125 . . . . . . . . Core Remaining (%) 67 | 100 . 64 . . . 52 . 64 . . . . 57 . . . Volleys Fired 599 | . 37 23 91 23 . 23 38 112 24 20 16 . 51 52 31 58 Largest 2 | . 2 2 2 2 . 2 2 2 2 2 2 . 2 2 2 2 Hottest 260 | . 85 105 60 43 . 92 97 210 70 210 210 . 105 70 260 116 Shots Fired 1049 | . 71 41 170 42 . 44 65 211 48 40 30 . 58 81 48 100 Gun 723 | . 68 39 170 38 . 42 59 190 . 4 . . 29 25 17 42 Cannon 280 | . . . . . . . . 19 48 36 28 . 19 53 31 46 Launcher 44 | . 3 2 . 4 . 2 6 2 . . 2 . 8 3 . 12 Special 2 | . . . . . . . . . . . . . 2 . . . Kinetic 367 | . 60 5 133 38 . 41 31 1 . 4 . . 29 25 . . Thermal 638 | . 8 34 37 . . 1 28 208 48 36 28 . 21 53 48 88 Explosive 44 | . 3 2 . 4 . 2 6 2 . . 2 . 8 3 . 12 Electromagnetic . | . . . . . . . . . . . . . . . . . Robot Hit Streak 44 | . 11 13 25 13 . 8 11 31 7 7 7 . 8 12 44 20 Robot Miss Streak 6 | . 6 3 2 2 . 2 3 3 4 2 2 . 4 4 2 2 Penetration Max 1 | . . . . . . . 1 . . . . . . . . . Secondary Targets 12 | . 1 1 3 1 . 2 1 3 . . . . . . . . Max Gunslinging Chain 1 | . 1 1 1 1 . 1 1 1 . . . . . . . . Shots Hit Robots 712 | . 45 27 123 32 . 38 45 141 29 19 18 . 32 54 45 64 Core Hits 373 | . 23 16 43 23 . 21 26 56 13 6 9 . 38 37 6 56 Critical Kills . | . . . . . . . . . . . . . . . . . Critical Parts Destroyed 1 | . . . 1 . . . . . . . . . . . . . Critical Strikes 16 | . . . 1 . . . 4 9 . . . . . . . 2 Burn 15 | . . . . . . . 4 9 . . . . . . . 2 Destroy 1 | . . . 1 . . . . . . . . . . . . . Melee Attacks 3 | . . . . . . . . 3 . . . . . . . . Impact 3 | . . . . . . . . 3 . . . . . . . . Slashing . | . . . . . . . . . . . . . . . . . Piercing . | . . . . . . . . . . . . . . . . . Sneak Attacks . | . . . . . . . . . . . . . . . . . Combat Hostiles . | . . . . . . . . . . . . . . . . . Follow-up Attacks . | . . . . . . . . . . . . . . . . . Damage Inflicted 21104 | . 906 430 1257 721 . 708 1090 3137 1446 1035 1087 . 1818 2639 1301 3529 Guns 8095 | . 598 316 1253 300 . 545 782 2566 . 35 . . 304 242 410 744 Cannons 6567 | . . . . . . . . 259 989 1000 769 . 289 1379 891 991 Explosions 6430 | . 308 114 . 421 . 163 308 312 457 . 318 . 1217 1018 . 1794 Melee . | . . . . . . . . . . . . . . . . . Ramming 4 | . . . 4 . . . . . . . . . . . . . Kinetic 3251 | . 505 46 906 300 . 527 386 . . 35 . . 304 242 . . Thermal 11876 | . 93 270 347 . . 18 396 2825 1446 1000 769 . 297 1379 1301 1735 Explosive 5973 | . 308 114 . 421 . 163 308 312 . . 318 . 1217 1018 . 1794 Electromagnetic . | . . . . . . . . . . . . . . . . . Impact . | . . . . . . . . . . . . . . . . . Slashing . | . . . . . . . . . . . . . . . . . Piercing . | . . . . . . . . . . . . . . . . . Highest Corruption 10 | . . . . . . . . 5 1 1 1 1 10 7 7 7 Average Corruption 3 | . . . . . . . . 3 1 1 1 1 7 6 7 7 Corruption Purged . | . . . . . . . . . . . . . . . . . Corruption Blocked . | . . . . . . . . . . . . . . . . . Effects 128 | . . . . . . . . 30 3 9 1 2 17 4 34 28 Message Errors 34 | . . . . . . . . 5 . 3 1 . 4 . 9 12 Matter Fused 31 | . . . . . . . . 7 1 3 . 1 5 2 7 5 Heat Flow Errors 18 | . . . . . . . . 5 . . . . 3 . 6 4 Energy Discharges 15 | . . . . . . . . 4 1 1 . 1 2 1 2 3 Parts Rejected 2 | . . . . . . . . 1 . . . . . 1 . . Data Loss (minor) 20 | . . . . . . . . 5 1 2 . . 2 . 8 2 Data Loss (major) 4 | . . . . . . . . 2 . . . . . . 1 1 Misfires 2 | . . . . . . . . 1 . . . . 1 . . . Alerts 1 | . . . . . . . . . . . . . . . . 1 Weapon Failures 1 | . . . . . . . . . . . . . . . 1 . Overload Shots 30 | . . . . . . . . 3 . 14 8 . 1 . 2 2 Effects 2 | . . . . . . . . . . 1 1 . . . . . Energy Bleed 1 | . . . . . . . . . . 1 . . . . . . Heat Surge 1 | . . . . . . . . . . . 1 . . . . . Overflow Damage 430 | . 8 . . . . . . 44 130 . 28 . 2 79 . 139 Projectiles 157 | . . . . . . . . . 37 . 22 . . 79 . 19 Explosions 273 | . 8 . . . . . . 44 93 . 6 . 2 . . 120 Melee . | . . . . . . . . . . . . . . . . . Knockbacks . | . . . . . . . . . . . . . . . . . Impact . | . . . . . . . . . . . . . . . . . Kinetic . | . . . . . . . . . . . . . . . . . Secondary . | . . . . . . . . . . . . . . . . . Self-Inflicted Damage 709 | . . . . 47 . 47 72 . 44 . 56 . 151 32 . 260 Shots 21 | . . . . 1 . 1 3 . 1 . 2 . 3 2 . 8 Rammed 1 | . . . 1 . . . . . . . . . . . . . Targets Rammed 1 | . . . 1 . . . . . . . . . . . . . Kicked . | . . . . . . . . . . . . . . . . . Crushed . | . . . . . . . . . . . . . . . . . Highest Temperature 375 | . 5 141 22 12 . 22 375 254 . 333 324 . 254 327 354 275 Average Temperature 79 | . 4 50 3 4 . 5 111 37 . 156 130 . 89 149 104 65 Received Heat Transfer 2813 | . 225 78 255 54 . 288 333 405 27 72 27 . 488 64 66 431 Effects 1 | . . . . . . . . . . . . . . . 1 . Shutdowns 1 | . . . . . . . . . . . . . . . 1 . Siege Activations . | . . . . . . . . . . . . . . . . . Robots Corrupted . | . . . . . . . . . . . . . . . . . Combat Hostiles . | . . . . . . . . . . . . . . . . . Parts Fried . | . . . . . . . . . . . . . . . . . Impact Corruptions . | . . . . . . . . . . . . . . . . . Robots Melted 8 | . . . . . . . . 3 1 2 1 . . . . 1 Combat Hostiles 8 | . . . . . . . . 3 1 2 1 . . . . 1 Parts Melted 46 | . 1 2 . . . . 1 16 5 3 4 . . 6 1 7 Heat Transferred 20475 | . 222 634 800 . . 37 1073 6135 1900 1280 1030 . 417 2050 2055 2842 Parts Sabotaged . | . . . . . . . . . . . . . . . . . Parts Stolen . | . . . . . . . . . . . . . . . . . Parts Stripped . | . . . . . . . . . . . . . . . . . Power Chain Reactions . | . . . . . . . . . . . . . . . . . Missiles Intercepted . | . . . . . . . . . . . . . . . . . Alert | -11 -10 -10 -9 -9 -9 -8 -8 -8 -7 -7 -7 -7 -6 -6 -6 -6 ------- Run | Scr Mat Min Mat Min Exi Min Mat Sto Fac Low Low Dat Pro Fac Was Fac Peak Influence 850 | . 271 150 204 289 . 92 370 613 850 . . . . 187 33 537 Initial 84 | . . 35 2 57 . . 23 70 65 . . . . 84 32 . Average 158 | . 105 22 84 124 . 30 163 347 607 . . . . 70 12 177 Maximum Alert Level 3 | . 1 . 1 1 . . 1 2 3 . . . . . . 2 Low Security (%) 71 | . 94 100 90 84 . 100 73 15 8 . . . . 100 100 53 Level 1 16 | . 5 . 9 15 . . 26 43 8 . . . . . . 44 Level 2 10 | . . . . . . . . 40 48 . . . . . . 2 Level 3 1 | . . . . . . . . . 34 . . . . . . . Level 4 . | . . . . . . . . . . . . . . . . . Level 5 . | . . . . . . . . . . . . . . . . . High Security . | . . . . . . . . . . . . . . . . . Max Security . | . . . . . . . . . . . . . . . . . Squads Dispatched 29 | . 1 . 2 . . . 3 6 7 . . . 1 2 . 7 Investigation 7 | . . . . . . . 2 3 . . . . . 1 . 1 Extermination 2 | . . . . . . . . . . . . . . 1 . 1 Reinforcement 13 | . 1 . 2 . . . 1 1 5 . . . . . . 3 Assault 3 | . . . . . . . . 2 . . . . 1 . . . Garrison 4 | . . . . . . . . . 2 . . . . . . 2 Intercept . | . . . . . . . . . . . . . . . . . Searches Triggered . | . . . . . . . . . . . . . . . . . Data Miner Redirects 2 | . . . . . . . . . . . . . . 2 . . Construction Impeded . | . . . . . . . . . . . . . . . . . Haulers Reinforced 1 | . . . . . . . . . 1 . . . . . . . Active Scanning Responses . | . . . . . . . . . . . . . . . . . Cargo Convoy Interrupts 1 | . . . . . . . . . . . . . . 1 . . Stealth | -11 -10 -10 -9 -9 -9 -8 -8 -8 -7 -7 -7 -7 -6 -6 -6 -6 --------- Run | Scr Mat Min Mat Min Exi Min Mat Sto Fac Low Low Dat Pro Fac Was Fac Distress Signals 6 | . 1 . 2 . . . 1 . . . . . . . . 2 Communications Jammed . | . . . . . . . . . . . . . . . . . Distress Signals . | . . . . . . . . . . . . . . . . . Times Spotted 227 | . 13 7 25 12 . 6 13 39 18 6 9 . 16 24 2 37 Peak Tracking Total 11 | . 5 3 6 3 . 3 4 8 4 3 4 . 11 10 1 6 Tactical Retreats 7 | . . . 1 . . . . . . . . . 2 1 . 3 Traps | -11 -10 -10 -9 -9 -9 -8 -8 -8 -7 -7 -7 -7 -6 -6 -6 -6 ------- Run | Scr Mat Min Mat Min Exi Min Mat Sto Fac Low Low Dat Pro Fac Was Fac Traps Triggered 10 | . . . . . . . . 5 1 . . . . 3 . 1 Indirectly . | . . . . . . . . . . . . . . . . . Trap Hack Attempts . | . . . . . . . . . . . . . . . . . Triggered . | . . . . . . . . . . . . . . . . . Disarmed . | . . . . . . . . . . . . . . . . . Reprogrammed . | . . . . . . . . . . . . . . . . . Reused . | . . . . . . . . . . . . . . . . . Traps Extracted . | . . . . . . . . . . . . . . . . . Installed . | . . . . . . . . . . . . . . . . . Triggered 3 | . . . . . . . . . . . 1 . . 2 . . Most Traps Carried 1 | . . . . . . . . . . . 1 1 1 1 . . Machines | -11 -10 -10 -9 -9 -9 -8 -8 -8 -7 -7 -7 -7 -6 -6 -6 -6 ---------- Run | Scr Mat Min Mat Min Exi Min Mat Sto Fac Low Low Dat Pro Fac Was Fac Machines Disabled 37 | . 2 . . . . . 5 5 18 . . . 1 2 . 4 Max in Single Turn 15 | . 2 . . . . . 2 1 15 . . . 1 1 . 2 Garrison Access 1 | . . . . . . . . . 1 . . . . . . . Machines Sabotaged . | . . . . . . . . . . . . . . . . . Garrisons Compromised 1 | . . . . . . . . . . . . . . 1 . . Overloaded Fab Kills . | . . . . . . . . . . . . . . . . . Hacking | -11 -10 -10 -9 -9 -9 -8 -8 -8 -7 -7 -7 -7 -6 -6 -6 -6 --------- Run | Scr Mat Min Mat Min Exi Min Mat Sto Fac Low Low Dat Pro Fac Was Fac Machines Accessed 35 | . 1 . 1 . 1 1 6 12 3 . 1 3 . 2 . 4 Terminals 25 | . 1 . . . . 1 5 11 2 . . . . 2 . 3 Fabricators . | . . . . . . . . . . . . . . . . . Repair Stations 1 | . . . . . . . . 1 . . . . . . . . Recycling Units . | . . . . . . . . . . . . . . . . . Scanalyzers 2 | . . . 1 . . . 1 . . . . . . . . . Garrison Access 2 | . . . . . . . . . 1 . . . . . . 1 Total Hacks 102 | . 2 . 5 . 1 3 18 31 6 . 1 23 . 5 . 7 Successful 50 | . 1 . 2 . 1 . 8 10 3 . 1 23 . 1 . . Failed 52 | . 1 . 3 . . 3 10 21 3 . . . . 4 . 7 Catastrophic 10 | . . . . . . 1 1 5 . . . . . 2 . 1 Database Lockouts . | . . . . . . . . . . . . . . . . . Manual 34 | . 1 . . . . 3 7 12 5 . . . . 2 . 4 Terminals 62 | . 2 . . . . 3 13 28 5 . . . . 5 . 6 Fabricators . | . . . . . . . . . . . . . . . . . Repair Stations 3 | . . . . . . . . 3 . . . . . . . . Recycling Units . | . . . . . . . . . . . . . . . . . Scanalyzers 10 | . . . 5 . . . 5 . . . . . . . . . Garrison Access 2 | . . . . . . . . . 1 . . . . . . 1 Terminal Hacks 38 | . 1 . . . 1 . 4 7 1 . 1 23 . . . . Record 7 | . . . . . 1 . . . . . . 6 . . . . Part Schematic 12 | . . . . . . . . 2 . . . 10 . . . . Robot Schematic 4 | . . . . . . . . . . . . 4 . . . . Prototype ID Bank 4 | . . . . . . . 1 . . . . 3 . . . . Open Door 3 | . . . . . . . . 2 . . 1 . . . . . Branch Access Points 2 | . . . . . . . 1 . 1 . . . . . . . Terminal Index 1 | . 1 . . . . . . . . . . . . . . . Alert Level 1 | . . . . . . . 1 . . . . . . . . . Unreport Threat 4 | . . . . . . . 1 3 . . . . . . . . Fabricator Hacks . | . . . . . . . . . . . . . . . . . Repair Station Hacks 2 | . . . . . . . . 2 . . . . . . . . Scan Component 1 | . . . . . . . . 1 . . . . . . . . Repair 1 | . . . . . . . . 1 . . . . . . . . Recycling Unit Hacks . | . . . . . . . . . . . . . . . . . Scanalyzer 5 | . . . 2 . . . 3 . . . . . . . . . Insert Component 3 | . . . 1 . . . 2 . . . . . . . . . Analyze 2 | . . . 1 . . . 1 . . . . . . . . . Garrison Access Hacks 1 | . . . . . . . . . 1 . . . . . . . Seal Access 1 | . . . . . . . . . 1 . . . . . . . Unauthorized Hacks 4 | . . . . . . . 1 1 1 . . . . 1 . . Terminals 4 | . . . . . . . 1 1 1 . . . . 1 . . Botnet 4 | . . . . . . . 1 1 1 . . . . 1 . . Fabricators . | . . . . . . . . . . . . . . . . . Repair Stations . | . . . . . . . . . . . . . . . . . Recycling Units . | . . . . . . . . . . . . . . . . . Scanalyzers . | . . . . . . . . . . . . . . . . . Garrison Access . | . . . . . . . . . . . . . . . . . Data Cores Recovered . | . . . . . . . . . . . . . . . . . Used . | . . . . . . . . . . . . . . . . . Hacking Detections 29 | . 1 . 1 . . 1 6 12 2 . . . . 2 . 4 Full Trace Events 8 | . . . . . . . 2 4 . . . . . 1 . 1 Feedback Events . | . . . . . . . . . . . . . . . . . Feedback Blocked . | . . . . . . . . . . . . . . . . . Robot Schematics Acquired 4 | . . . . . . . . . . . . 4 . . . . Robots Built . | . . . . . . . . . . . . . . . . . Authchips . | . . . . . . . . . . . . . . . . . Time . | . . . . . . . . . . . . . . . . . Total Robot Build Rating . | . . . . . . . . . . . . . . . . . Part Schematics Acquired 13 | . . . . . . . 1 2 . . . 10 . . . . Parts Built . | . . . . . . . . . . . . . . . . . Authchips . | . . . . . . . . . . . . . . . . . Time . | . . . . . . . . . . . . . . . . . Total Part Build Rating . | . . . . . . . . . . . . . . . . . Parts Repaired 1 | . . . . . . . . 1 . . . . . . . . Time 38 | . . . . . . . . 38 . . . . . . . . Parts Recycled . | . . . . . . . . . . . . . . . . . Recycled Matter . | . . . . . . . . . . . . . . . . . Retrieved Matter . | . . . . . . . . . . . . . . . . . Retrieved Components . | . . . . . . . . . . . . . . . . . Parts Scanalyzed 1 | . . . 1 . . . . . . . . . . . . . Part Schematics Acquired 1 | . . . . . . . 1 . . . . . . . . . Parts Damaged . | . . . . . . . . . . . . . . . . . Bothacking | -11 -10 -10 -9 -9 -9 -8 -8 -8 -7 -7 -7 -7 -6 -6 -6 -6 ------------ Run | Scr Mat Min Mat Min Exi Min Mat Sto Fac Low Low Dat Pro Fac Was Fac Used RIF Installer . | . . . . . . . . . . . . . . . . . Robots Hacked . | . . . . . . . . . . . . . . . . . Non-combat . | . . . . . . . . . . . . . . . . . Combat . | . . . . . . . . . . . . . . . . . Robot Hacks Applied . | . . . . . . . . . . . . . . . . . Relay Couplers Released . | . . . . . . . . . . . . . . . . . Fabnet Peak Effective % . | . . . . . . . . . . . . . . . . . Robots Rewired 1 | . . . . . . . . . . . . . 1 . . . Allies Hacked 1 | . . . . . . . . . . . . . 1 . . . Hacks Repelled . | . . . . . . . . . . . . . . . . . Allies | -11 -10 -10 -9 -9 -9 -8 -8 -8 -7 -7 -7 -7 -6 -6 -6 -6 -------- Run | Scr Mat Min Mat Min Exi Min Mat Sto Fac Low Low Dat Pro Fac Was Fac Total Allies 14 | . . . . . . . . 12 . . . . 2 . . . Largest Group 10 | . . . . . . . . 10 10 3 . . 2 . . . Highest-Rated Group 173 | . . . . . . . . 173 173 61 . . 125 . . . Highest-Rated Ally 96 | . . . . . . . . 31 29 29 . . 96 . . . Total Orders . | . . . . . . . . . . . . . . . . . Ally Attacks 170 | . . . . . . . . 18 122 16 . . 14 . . . Total Damage 2402 | . . . . . . . . 322 1328 223 . . 529 . . . Kills 19 | . . . . . . . . 2 13 . . . 4 . . . Allies Corrupted . | . . . . . . . . . . . . . . . . . Allies Melted . | . . . . . . . . . . . . . . . . . Intel | -11 -10 -10 -9 -9 -9 -8 -8 -8 -7 -7 -7 -7 -6 -6 -6 -6 ------- Run | Scr Mat Min Mat Min Exi Min Mat Sto Fac Low Low Dat Pro Fac Was Fac Robot Analysis Total . | . . . . . . . . . . . . . . . . . Derelict Logs Recovered 5 | . . 2 . 1 . . . . . . 2 . . . . . Drone Launches . | . . . . . . . . . . . . . . . . . Drone Recoveries . | . . . . . . . . . . . . . . . . . Exploration | -11 -10 -10 -9 -9 -9 -8 -8 -8 -7 -7 -7 -7 -6 -6 -6 -6 ------------- Run | Scr Mat Min Mat Min Exi Min Mat Sto Fac Low Low Dat Pro Fac Was Fac Turns Passed 15775 | . 457 1736 1071 1538 526 712 674 2152 698 1117 1034 276 658 905 1194 1027 Spaces Moved 6600 | 1 148 638 305 610 220 265 322 873 352 459 527 164 295 289 669 463 Core 79 | . . . . . . . . . . . . . . 19 60 . Treads 5589 | . . . 193 610 220 265 322 873 352 459 527 164 295 237 609 463 Legs 912 | 1 148 638 112 . . . . . . . . . . 13 . . Wheels 17 | . . . . . . . . . . . . . . 17 . . Hover 3 | . . . . . . . . . . . . . . 3 . . Flight . | . . . . . . . . . . . . . . . . . Fastest Speed 50 | 120 120 260 240 240 240 240 160 160 163 163 163 163 163 50 50 160 Average Speed 203 | 120 218 260 247 240 240 240 160 192 173 226 184 163 163 250 155 160 Slowest Speed 800 | 120 260 260 260 240 240 240 240 250 243 243 243 163 250 800 240 160 Overloaded Moves . | . . . . . . . . . . . . . . . . . Propulsion Burnouts . | . . . . . . . . . . . . . . . . . Robots Hopped . | . . . . . . . . . . . . . . . . . Cave-ins Triggered . | . . . . . . . . . . . . . . . . . Exploration Rate (%) 52 | 1 34 97 33 99 62 63 27 89 14 68 66 70 44 8 96 18 Regions Visited 16 Branch Regions 9 Pre-discovered Areas 3 | . . . . 1 . . . . . . 1 1 . . . . Known Exits Taken 2 | . . . . . . . 1 . 1 . . . . . . . Unknown Exits Taken 12 | 1 1 1 1 1 1 1 . 1 . 1 1 1 1 . . . Scrap Searched 11 | . . 1 . 3 . 1 . . . 3 2 . 1 . . . Spaces Dug 57 | . . . . . . . . 7 . 14 . . 21 . . 15 Terrain Destroyed 455 | . 8 18 . 45 . 18 31 28 42 15 37 . 77 24 1 111 Melee 2 | . . . . . . . . 2 . . . . . . . . Projectile 82 | . . . . . . . 1 10 9 15 10 . 14 10 1 12 AOE 371 | . 8 18 . 45 . 18 30 16 33 . 27 . 63 14 . 99 Terrain Rammed . | . . . . . . . . . . . . . . . . . Walls Destroyed . | . . . . . . . . . . . . . . . . . Machines Disabled . | . . . . . . . . . . . . . . . . . Actions | -11 -10 -10 -9 -9 -9 -8 -8 -8 -7 -7 -7 -7 -6 -6 -6 -6 --------- Run | Scr Mat Min Mat Min Exi Min Mat Sto Fac Low Low Dat Pro Fac Was Fac Total 7911 | . 210 675 475 645 219 297 414 1130 393 494 560 175 414 394 768 648 Wait 279 | . 2 1 23 . . 2 13 56 6 8 5 . 14 25 31 93 Move 6585 | . 147 637 304 609 219 264 321 872 351 458 526 163 294 289 668 463 Hop . | . . . . . . . . . . . . . . . . . Pick Up 91 | . 8 4 16 2 . 2 9 19 4 1 4 4 3 4 5 6 Fast Attach 90 | . 3 . 7 1 . 1 9 23 2 . 1 2 5 14 16 6 Attach 41 | . 1 2 4 . . 2 5 3 3 . 2 . 7 5 4 3 Detach 3 | . 1 . . . . . . . . . . . . . 1 1 Swap 64 | . 7 6 6 7 . 2 4 6 . 6 3 . 8 1 1 7 Drop 121 | . 4 2 23 3 . 1 15 34 3 1 3 6 . 4 11 11 Fire 599 | . 37 23 91 23 . 23 38 112 24 20 16 . 51 52 31 58 Melee 3 | . . . . . . . . 3 . . . . . . . . Ram . | . . . . . . . . . . . . . . . . . Kick . | . . . . . . . . . . . . . . . . . Crush 1 | . . . 1 . . . . . . . . . . . . . Escape Stasis 2 | . . . . . . . . 2 . . . . . . . . Rewire 32 | . . . . . . . . . . . . . 32 . . . Trap . | . . . . . . . . . . . . . . . . . Miscellaneous . | . . . . . . . . . . . . . . . . . Route ------- -11/Scrapyard -10/Materials -10/Mines (discovered 2 exits: *Mat x2) -9/Materials -9/Mines (discovered 3 exits: *Mat x2 / *Exi) -9/Exiles -8/Mines -8/Materials (discovered 3 exits: *Fac / *Sto x2) -8/Storage (discovered 2 exits: *Fac / Rec) -7/Factory (discovered 2 exits: *Low x2) -7/Lower Caves -7/Lower Caves (discovered 2 exits: *Fac / *Dat) -7/Data Miner -6/Proximity Caves -6/Factory -6/Waste -6/Factory History --------- Turn | Location | Event 1 | -11/Scrapyard | Discovered new exit (range 0) 1 | -11/Scrapyard | Entered Materials 291 | -10/Materials | Discovered new exit (range 16) 304 | -10/Materials | Build established: Mutant 458 | -10/Materials | Entered Mines 475 | -10/Mines | Assembled infested the area 480 | -10/Mines | Assisted by a Guerilla fighting off Assembled 596 | -10/Mines | Discovered new exit (range 12) 935 | -10/Mines | Discovered new exit (range 7) 1296 | -10/Mines | Learned Materials garrison access intel 1719 | -10/Mines | Found a damaged Exp. Sensor Array with a note attached 1724 | -10/Mines | Found Prototype Device 1731 | -10/Mines | Identified Exp. Sensor Array 1951 | -10/Mines | Received a Rocket Launcher from a helpful Derelict 2194 | -10/Mines | Entered Materials 2194 | -9/Materials | Evolved 2 slots: Utility x2 2256 | -9/Materials | Build established: Scavenger-Mutant 2818 | -9/Materials | Discovered new exit (range 7) 3265 | -9/Materials | Entered Mines 3296 | -9/Mines | Learned Materials terminal intel 3522 | -9/Mines | Discovered new exit (range 6) 3844 | -9/Mines | Deemed a non-threat by the Exiles lab entrance 3927 | -9/Mines | Learned location of Storage (-8) 4265 | -9/Mines | Build established: Mutant 4287 | -9/Mines | Discovered new exit (range 13) 4794 | -9/Mines | Discovered new exit (range 5) 4803 | -9/Mines | Entered Exiles 4803 | -9/Exiles | Found Exiles lab abandoned 5303 | -9/Exiles | Discovered new exit (range 11) 5329 | -9/Exiles | Entered Mines 5952 | -8/Mines | Discovered new exit (range 10) 6041 | -8/Mines | Entered Materials 6041 | -8/Materials | Evolved 2 slots: Propulsion x1, Utility x1 6042 | -8/Materials | Loaded intel: 12 terminal locations 6043 | -8/Materials | Loaded intel: 1 garrison access location 6258 | -8/Materials | Discovered new exit (range 3) 6495 | -8/Materials | Identified exit to Storage 6516 | -8/Materials | Discovered new exit (range 10) 6715 | -8/Materials | Entered Storage 6716 | -8/Storage | Identified exit to Recycling 6731 | -8/Storage | Build established: Scavenger-Mutant 6836 | -8/Storage | Met a pair of Derelict thieves 7007 | -8/Storage | Lost 3 parts (1n2u) 7011 | -8/Storage | Destroyed 7 combat bots 7106 | -8/Storage | Build established: Mutant 7538 | -8/Storage | Repaired Imp. Light Armor Plating 7865 | -8/Storage | Discovered new exit (range 6) 8593 | -8/Storage | Assisted by bots powering up and referring to "LRC-V3" 8867 | -8/Storage | Entered Factory 8867 | -7/Factory | Accompanied by 10 allies 8867 | -7/Factory | Evolved 2 slots: Propulsion x1, Utility x1 8889 | -7/Factory | Build established: Commander-Mutant 9094 | -7/Factory | Garrison activated, responded to threat 9343 | -7/Factory | Identified exit to Lower Caves 9412 | -7/Factory | Build established: Mutant 9565 | -7/Factory | Entered Lower Caves 9565 | -7/Lower Caves | Accompanied by 3 allies 9569 | -7/Lower Caves | Attracted the attention of an 0b10 checkpoint 9751 | -7/Lower Caves | Spotted B-75 Beast 9771 | -7/Lower Caves | Destroyed B-75 Beast 10528 | -7/Lower Caves | Discovered new exit (range 10) 10682 | -7/Lower Caves | Entered another Lower Caves area 10732 | -7/Lower Caves | Discovered new exit (range 14) 10916 | -7/Lower Caves | Spotted B-75 Beast 10937 | -7/Lower Caves | Destroyed B-75 Beast 11073 | -7/Lower Caves | Ambushed by wild Derelicts 11473 | -7/Lower Caves | Discovered new exit (range 11) 11506 | -7/Lower Caves | Learned Factory terminal intel 11716 | -7/Lower Caves | Entered Data Miner 11716 | -7/Data Miner | Discovered new exit (range 6) 11747 | -7/Data Miner | Met Data Miner 11922 | -7/Data Miner | Learned location of Section 7 (-2) 11922 | -7/Data Miner | Acquired the access code to Warlord's prototype stash 11948 | -7/Data Miner | Received God Mode back door access code from Data Miner 11992 | -7/Data Miner | Entered Proximity Caves 12037 | -6/Proximity Caves | Escorted by Enhanced Grunt 12040 | -6/Proximity Caves | Attracted the attention of an 0b10 outpost 12227 | -6/Proximity Caves | System corruption reached 10% 12257 | -6/Proximity Caves | Lost 9 parts (1p2n4u2w) 12602 | -6/Proximity Caves | Discovered new exit (range 6) 12650 | -6/Proximity Caves | Entered Factory 12650 | -6/Factory | Evolved 2 slots: Power x1, Utility x1 12651 | -6/Factory | Loaded intel: 28 terminal locations 13230 | -6/Factory | Incoming investigation squad redirected 13280 | -6/Factory | Lost 4 parts (1p3n) 13416 | -6/Factory | Cargo convoy interrupted 13442 | -6/Factory | Incoming assault squad redirected 13506 | -6/Factory | Lost 12 parts (3p3n3u3w) 13531 | -6/Factory | Core integrity fell below 50% 13546 | -6/Factory | Released all parts (4) 13554 | -6/Factory | Core integrity fell below 20% 13555 | -6/Factory | Sucked down chute 13555 | -6/Factory | Entered Waste 13555 | -6/Waste | The area was eerily silent 13601 | -6/Waste | Found Damper Plating 13754 | -6/Waste | Discovered new exit (range 15) 13869 | -6/Waste | Build established: Scavenger-Mutant 14375 | -6/Waste | Found Damper Plating 14749 | -6/Waste | Entered Factory 15617 | -6/Factory | Garrison activated, responded to threat 15776 | -6/Factory | Destroyed by G-67 Veteran with Plasma Rifle Last Messages --------------- 15758_ Critical hit (Burn: +37). 15759_ K-01 Serf collects debris. 15763_ The unstable cave ceiling collapses. 15764_ Damper Plating destroyed. 15764_ U-05 Engineer lays Concrete. 15764_ Hvy. Treads destroyed. 15765_ The unstable cave ceiling collapses. 15765_ U-05 Engineer lays Concrete. 15765_ Destroyed Hvy. Laser. 15766_ The unstable cave ceiling collapses. 15766_ U-05 Engineer builds a Wall. 15768_ Hvy. Beamcaster destroyed. 15770_ U-05 Engineer builds a Wall. 15770_ G-50 Soldier destroyed. 15770_ Destroyed Lgt. Angular Momentum Engine. 15771_ The unstable cave ceiling collapses. 15771_ Missile Launcher destroyed. 15774_ U-05 Engineer builds a Wall. 15775_ The unstable cave ceiling collapses. 15775_ G-50 Soldier destroyed. Map ----- +----------------------------------------------------+ | ?????????????????????????????????????????????????? | | ?????????????????????????????????????????????????? | | ?????????????????????????????????????????????????? | | ??????????????????????????????? ???????????????? | | ?????????????????????????????? #??????????????? | | ????????????????????????????### #??????????????? | | ??????????????????????????? # #?????##+#?????? | | ??????????????????????????? # #???? #?????? | | ??????????????????????????? # #???? #?????? | | ??????????????????????????""" # #???? #?????? | | ??????????????????????? " # ##### #?????? | | ????????????????????? # ##????? | | ????????????????????# ## #????? | | ???????????????###### g ##???? | | ???????????????/ #???? | | ???????????????# ""G"" */ #???? | | ???????????????# " " / ! g % [[[ +???? | | ???????????????# ** # %[!= #???? | | ???????????????# %[[! u #???? | | ???????????????# !% #! # #???? | | ???????????????####### # [ * # #???? | | ????????????????# =# # + #???? | | ????????????????# "" # """" # ##### | | ????????????????# "T ! = # """" # | | ????????????????# "" + """" ### | | ????????????????# @ ## """" #?# | | ????????????????# *! ! # ## """??#?# | | ????????????????########## ###??? """????# ###### | | ?????????????????????????# ##????? ??????# #????? | | ?????????????????????????# #?????? ??????# #????? | | ?????????????????????????#g#??????##??????# #????? | | ?????????????????????????# #????????#######+##???? | | ?????????????????????????# #????????# #???? | | ?????????????????????????? #????????# """" #???? | | ?????????????????????????? #????????# """" #???? | | ?????????????????????????? ????????+ """" #???? | | ?????????????????????????? ????????# """" #???? | | ?????????????????????????? ????????# """" ! #???? | | ?????????????????????????? ????????# """" #???? | | ?????????????????????????? ?????????# """" ! #???? | | ????????????????????????????????????# #???? | | ??????????????????????????? ############+######## | | ?????????????????????????? | | ?????????????????????????? | | ?????????????????????????? | | ?????????????????????????? | | ?????????????????????????? | | ??????????????????????????? | | ??????????????????????????? ## T# ###### | | ???????????????????????????? ##+#####+#####? | +----------------------------------------------------+ Best States ------------- Heat Dissipation 64 Energy Generation 37 Energy Capacity 550 Matter Stores 300 Matter Capacity 300 Sight Range 16 Robot Scan Range 20 Terrain Scan Range 20 Terrain Scan Density 10 Armor Coverage 1750 Resistance: KI 20 Resistance: EM 90 Core Shielding 20 Propulsion Shielding 66 Weapon Shielding 33 Evasion (%) 55 Targeting Accuracy 11 Launcher Accuracy 20 Recoil Reduction 4 Offensive Hacking 10 Item Schematics ----------------- Exp. Sensor Array | -8/Materials | Scanalyzed Adv. Terrain Scan Processor | -8/Storage | Hacked Imp. Medium Treads | -8/Storage | Hacked Combat Drone Bay | -7/Data Miner | Free Lgt. Regenerative Plating | -7/Data Miner | Free Cld. Cesium-ion Thruster | -7/Data Miner | Free Exp. Targeting Computer | -7/Data Miner | Free Ion Burst Cannon | -7/Data Miner | Free Field Propulsion Drive | -7/Data Miner | Free Imp. Component Analysis Suite | -7/Data Miner | Free Wave Gun | -7/Data Miner | Free Adv. System Restoration Module | -7/Data Miner | Free Hyp. Coil Gun | -7/Data Miner | Free Robot Schematics ------------------ W-25 Informer | -7/Data Miner | Free M-28 Smith | -7/Data Miner | Free G-47 Trooper | -7/Data Miner | Free H-55 Commando | -7/Data Miner | Free Fabricated ------------ Nothing Alien Tech Used ----------------- None Achievements -------------- None Challenges ------------ None Game ------ Seed CarbideLongswordNanosword Manual? 0 Play Time 01:22:17 Cumulative 343.6 hours Start 2022.05.13 @ 20:19:13 End 2022.05.13 @ 21:42:02 Sessions 1 Manual Loads 0 Difficulty Rogue Special Mode None Game No. 377 Rogue 377 Adventurer 0 Explorer 0 Win Type - Total 28 Types 17/3/2/1/2/0/3/0/0 Lore% 88 Gallery% 86 Achievement% 80 Wizard Run 0 Options --------- ASCII 0 Keyboard 0 Movement Arrows Keybinds 0 Fullscreen 2 Font 18/SmallcapsGlow Map View 76x50 Tactical HUD 1 Map Filters NONE Filters NONE Steam 1 RUN: 9a100351-4f82-4d28-a13f-744e27ec79a3